 Dungeon Crawl Stone Soup version 0.18-a0-1561-g7b1e397 (webtiles) character file.

441 MenacingMecha the Sneak (level 7, -1/46 HPs)
             Began as a Merfolk Enchanter on Mar 13, 2016.
             Slain by a mummy (2 damage)
             ... in an ossuary.
             The game lasted 00:20:56 (6852 turns).

MenacingMecha the Sneak (Merfolk Enchanter)         Turns: 6852, Time: 00:20:56

Health: -1/46      AC:  3    Str:  9    XL:     7   Next: 2%
Magic:  12/12      EV: 13    Int: 16    God:
Gold:   148        SH:  0    Dex: 16    Spells: 4 memorised, 4 levels left

rFire  . . .     SeeInvis .     a - +1 dagger
rCold  + . .     Gourm    .     b - +1 robe
rNeg   . . .     Faith    .     (no shield)
rPois  .         Spirit   .     (no helmet)
rElec  .         Dismiss  .     (no cloak)
rCorr  .         Reflect  .     (no gloves)
SustAt .         Harm     .     (no boots)
MR     .....     Clarity  +     (no amulet)
Stlth  +++.......               (no ring)
                                n - ring of protection from cold

@: drained, not resistant to hostile enchantments, fairly stealthy
A: change form in water, swift swim, agile 1, clarity, evolution 1
a: no special abilities


You were in an ossuary.
You were not hungry.

You visited 1 branch of the dungeon, and saw 5 of its levels.
You also visited: Sewer and Ossuary.

You collected 148 gold pieces.

Inventory:

Hand Weapons
 a - a +1 dagger (weapon)
 E - a +0 dagger of draining
Armour
 b - a +1 robe (worn)
Jewellery
 n - a ring of protection from cold (left hand)
Scrolls
 g - a scroll of recharging {unknown}
 h - a scroll of amnesia {unknown}
 l - 2 scrolls of blinking {unknown}
 o - 2 scrolls of remove curse {unknown}
 p - 3 scrolls of identify {unknown}
 q - 3 scrolls of teleportation {unknown}
 r - 6 scrolls of fog {unknown}
 y - a scroll of enchant weapon {unknown}
 C - 3 scrolls of fear {unknown}
 D - a scroll of enchant armour {unknown}
Potions
 e - a potion of mutation
 i - a potion of beneficial mutation {unknown}
 m - 4 potions of might {unknown}
 s - 2 potions of cancellation
 t - a potion of magic {unknown}
 u - a potion of ambrosia {unknown}
 v - a potion of resistance {unknown}
 w - a potion of haste {unknown}
 x - 2 potions of berserk rage {unknown}
 z - 4 potions of flight {unknown}
 A - 4 potions of heal wounds {unknown}
 B - 4 potions of curing {unknown}
 F - a potion of agility {unknown}
Books
 c - a book of Maledictions

   Spells                             Type                      Level
   a - Corona                         Hexes                        1
   b - Ensorcelled Hibernation        Hexes/Ice                    2
   c - Confuse                        Hexes                        3
   d - Tukima's Dance                 Hexes                        3
   e - Dazzling Spray                 Conjuration/Hexes            3
 f - a book of Ice

   Spells                             Type                      Level
   a - Ice Form                       Ice/Transmutation            4
   b - Metabolic Englaciation         Hexes/Ice                    5
   c - Ozocubu's Refrigeration        Ice                          6
   d - Bolt of Cold                   Conjuration/Ice              6
   e - Freezing Cloud                 Conjuration/Ice/Air          6
   f - Simulacrum                     Ice/Necromancy               6
Comestibles
 k - 4 meat rations


   Skills:
 - Level 1.2(1.1) Short Blades
 - Level 2.6(2.5) Dodging
 + Level 5.9(5.8) Stealth
 + Level 3.9(3.8) Spellcasting
 + Level 5.1(5.0) Hexes


You had 4 spell levels left.
You knew the following spells:

 Your Spells              Type           Power        Failure   Level  Hunger
a - Corona                Hex            ###....      2%          1    None
b - Ensorcelled Hibernat  Hex/Ice        ##....       12%         2    ##.....
c - Tukima's Dance        Hex            ###.....     10%         3    ###....
d - Confuse               Hex            ###.....     10%         3    ###....


Dungeon Overview and Level Annotations

Branches:
Dungeon (5/15)
 Temple: D:4-7

Altars:
Ru
Xom
Yredelemnul

Annotations:
D:3 hippogrif, Sigmund


Innate Abilities, Weirdness & Mutations

You revert to your normal form in water.
You are very nimble and swift while swimming.
You are agile. (Dex +2)
You possess an exceptional clarity of mind.
You evolve.


Message History

You feel nature experimenting on you.
Don't worry, failures die fast.
Your thoughts seem clearer.
There is an empty arch of ancient stone here.
Drink which item? (? for menu, Esc to quit)
It was a potion of cancellation.
You feel magically purged.
You hit the mummy but do no damage.
The mummy is severely damaged.
The mummy misses you.
You hit the mummy.
The mummy is almost destroyed.
You hit the mummy but do no damage.
The mummy is almost destroyed.
The mummy hits you.
* * * LOW HITPOINT WARNING * * *
You barely miss the mummy.
The mummy is almost destroyed.
You closely miss the mummy.
The mummy is almost destroyed.
The mummy hits you.
You die...

#..(.#
#..(.#
#....#
#....#
#....#
#....#
#....#
#..M.#
#.∩@.#
######


You could see a mummy.

Vanquished Creatures
  A big kobold (Sewer)
  A hound (D:4)
  2 mummies (Ossuary)
  6 river rats (Sewer)
  14 adders
  2 oozes
  A worm (D:2)
  A dart slug (D:4)
  A giant gecko (D:3)
  9 orcs
  4 bats
  6 giant cockroaches
  2 gnoll zombies (Ossuary)
  14 hobgoblins
  2 jackals (D:3)
  2 quokkas
  4 ball pythons
  2 giant newts
  6 goblins (D:1)
  A hobgoblin zombie (Ossuary)
  18 kobolds
  2 kobold zombies (Ossuary)
  An orc zombie (Ossuary)
  33 rats
135 creatures vanquished.

Vanquished Creatures (collateral kills)
  A kobold (Sewer)
1 creature vanquished.

Vanquished Creatures (others)
  3 dancing weapons (Sewer)
3 creatures vanquished.

Grand Total: 139 creatures vanquished

Notes
Turn   | Place    | Note
--------------------------------------------------------------
     0 | D:1      | MenacingMecha the Merfolk Enchanter began the quest for the Orb.
     0 | D:1      | Reached XP level 1. HP: 13/13 MP: 3/3
   104 | D:1      | Reached XP level 2. HP: 19/19 MP: 5/5
   323 | D:1      | Learned a level 2 spell: Ensorcelled Hibernation
   564 | D:1      | Reached XP level 3. HP: 24/24 MP: 4/6
   584 | D:1      | Learned a level 3 spell: Tukima's Dance
  1562 | D:2      | Reached XP level 4. HP: 26/30 MP: 2/7
  1787 | D:2      | HP: 1/30 [poisoned by an adder]
  2459 | D:2      | Found a faded altar to an unknown god.
  2781 | D:3      | Found a sacrificial altar of Ru.
  2977 | D:3      | Found a shimmering altar of Xom.
  3033 | D:3      | Reached XP level 5. HP: 29/35 MP: 3/9
  3164 | D:3      | Found a glowing drain.
  3168 | Sewer    | Entered a sewer
  3318 | Sewer    | Learned a level 3 spell: Confuse
  3563 | Sewer    | Reached skill level 5 in Stealth
  3968 | Sewer    | Noticed a big kobold
  4023 | Sewer    | Killed a big kobold
  4023 | Sewer    | Reached XP level 6. HP: 22/41 MP: 2/11
  5711 | D:3      | Noticed Sigmund
  5823 | D:3      | Noticed a hippogriff
  5974 | D:4      | Noticed a phantom
  6001 | D:5      | Entered Level 5 of the Dungeon
  6260 | D:4      | Found a basalt altar of Yredelemnul.
  6318 | D:4      | Reached skill level 5 in Hexes
  6378 | D:4      | Found a sand-covered staircase.
  6379 | D:4      | Noticed a water elemental
  6393 | Ossuary  | Entered an ossuary
  6741 | Ossuary  | Reached XP level 7. HP: 34/46 MP: 10/12
  6844 | Ossuary  | Gained mutation: You are agile. (Dex +2) [potion of mutation]
  6844 | Ossuary  | Gained mutation: You evolve. [potion of mutation]
  6844 | Ossuary  | Gained mutation: You possess an exceptional clarity of mind. [potion of mutation]
  6850 | Ossuary  | HP: 1/46 [mummy (3)]
  6852 | Ossuary  | Slain by a mummy

Vault maps used:
D:1:      onia_arrival_larder
D:2:      first_bread, ecumenical_altar_1
D:3:      nicolae_ru_path_of_blood, old_standard_altar, gup_sewer_entry_spiral,
          uniq_sigmund
D:4:      nicolae_qazlal_style_of_elements, lemuel_doored_altar,
          grunt_temple_overflow_open, enter_ossuary_1
D:5:      kennysheep_spiral_hall, nemelex_deck, minmay_temple_entry_purple_smoke
Sewer:    sewer_minmay_treatment
Ossuary:  ossuary_tomb_3

Skill      XL: |  1  2  3  4  5  6 |
---------------+-------------------+-----
Stealth        | 4 5 |  5.9
Hexes          | 4 5 |  5.1
Spellcasting   | 3 |  3.9
Short Blades   | |  1.2
Dodging        | |  2.6

Action                   |  1- 3 |  4- 6 |  7- 9 || total
-------------------------+-------+-------+-------++-------
Melee: Dagger            |   101 |   354 |    15 ||   470
Throw: Tomahawk          |     1 |     6 |       ||     7
 Cast: Ensorcelled Hiber |     7 |    39 |       ||    46
       Corona            |     2 |    10 |     3 ||    15
       Tukima's Dance    |       |    10 |       ||    10
  Use: Potion            |       |       |     2 ||     2
 Stab: Sleeping          |    20 |    29 |       ||    49
  Eat: Chunk             |     3 |     6 |       ||     9
       Bread ration      |       |     3 |       ||     3
